[ AOE2 MATCH · #462275762 ]
1v1 RMSlavs vs Tupi
Player's team · LOSS
Rival team · WIN
[ REPLAY ANALYSIS · EXTRACTED FROM THE RECORDED GAME ]
Feudal
11:49
Castle
23:20
Imperial
—
| APM avg | 17.8 |
| APM peak | 43 |
| eAPM avg | 12.7 |
| Villagers / military | 38 / 11 |
Focus
⚔️ 10.7% · 🌾 89.3%
Boyar ×4 · Battering Ram ×4 · Militia ×3
Feudal
11:53
Castle
21:25
Imperial
—
| APM avg | 36.8 |
| APM peak | 69 |
| eAPM avg | 14.7 |
| Villagers / military | 71 / 33 |
Focus
⚔️ 28.8% · 🌾 71.2%
Unknown (2579) ×27 · Archer ×13 · Battering Ram ×12 · Spearman ×8 · Unknown (2550) ×5
Match map
Initial resources + every placement click. Lines = walls · curves = elevation contours. ◆ gold · ⬟ stone · ● berries · ✦ relic · ◌ wall gap
Your base· Open — unwalled flank
CTibas's base· Open — unwalled flank
Smoothed initial terrain · ◌ = detected wall gap · hover for details
Inputs per minute
— 00gieB0ogie - - CTibas
Build order — 00gieB0ogie
99 actions detected in the replay
| 0:13 | Build | House |
| 0:14 | Create | Villager (Male) |
| 0:14 | Create | Villager (Male) |
| 0:15 | Create | Villager (Male) |
| 0:15 | Create | Villager (Male) |
| 0:16 | Research | Loom |
| 0:44 | Build | House |
| 0:46 | Build | House |
| 0:47 | Build | House |
| 1:46 | Create | Villager (Male) |
| 2:45 | Create | Villager (Male) |
| 3:12 | Create | Villager (Male) |
| 3:14 | Research | Loom |
| 3:24 | Create | Villager (Male) |
| 3:52 | Create | Villager (Male) |
| 4:01 | Create | Villager (Male) |
| 4:38 | Create | Villager (Male) |
| 4:38 | Create | Villager (Male) |
| 5:06 | Create | Villager (Male) |
| 5:12 | Create | Villager (Male) |
| 5:39 | Create | Villager (Male) |
| 6:15 | Research | Loom |
| 7:24 | Create | Villager (Male) |
| 7:34 | Create | Villager (Male) |
| 8:05 | Build | Lumber Camp |
| 8:38 | Create | Villager (Male) |
| 9:19 | Build | Mill |
| 9:39 | Research | Feudal Age |
| 9:57 | Build | Mill |
| 10:17 | Build | House |
| 10:18 | Build | House |
| 10:19 | Build | House |
| 10:20 | Build | House |
| 10:21 | Build | House |
| 10:23 | Build | House |
| 11:30 | Create | Villager (Male) ×5 |
| 11:49 | Age | Feudal Age |
| 12:01 | Research | Double-Bit Axe |
| 12:08 | Build | Blacksmith |
| 12:24 | Build | Mining Camp |
| 12:46 | Research | Wheelbarrow |
| 13:12 | Build | Farm |
| 13:32 | Build | Farm |
| 14:07 | Build | Farm |
| 14:09 | Create | Villager (Male) |
| 14:09 | Create | Villager (Male) |
| 14:09 | Create | Villager (Male) |
| 14:18 | Build | Watch Tower |
| 14:26 | Research | Fletching |
| 15:44 | Build | Farm |
| 15:44 | Create | Villager (Male) |
| 15:45 | Create | Villager (Male) |
| 15:49 | Build | Barracks |
| 16:02 | Build | Farm |
| 16:04 | Create | Villager (Male) |
| 16:31 | Build | Farm |
| 16:46 | Build | Market |
| 17:02 | Build | Farm |
| 17:13 | Create | Villager (Male) |
| 17:18 | Build | Farm |
| 17:24 | Build | Farm |
| 17:26 | Create | Villager (Male) |
| 17:27 | Create | Villager (Male) |
| 17:47 | Build | Farm |
| 18:15 | Build | Lumber Camp |
| 19:11 | Create | Villager (Male) |
| 19:41 | Create | Villager (Male) |
| 19:52 | Build | Mining Camp |
| 20:12 | Build | Farm |
| 20:28 | Build | Farm |
| 20:40 | Research | Castle Age |
| 21:55 | Create | Militia |
| 21:56 | Research | Man-at-Arms (upgrade) |
| 21:57 | Create | Militia |
| 21:58 | Create | Militia |
| 22:30 | Research | Stone Mining |
| 23:20 | Age | Castle Age |
| 23:57 | Research | Bodkin Arrow |
| 25:00 | Build | Castle |
| 25:17 | Research | Scale Barding Armor |
| 26:16 | Build | Siege Workshop |
| 28:01 | Create | Battering Ram |
| 28:35 | Create | Battering Ram |
| 28:57 | Create | Battering Ram |
| 29:38 | Create | Battering Ram |
| 34:52 | Build | Castle |
| 35:06 | Build | Town Center |
| 35:44 | Build | Mining Camp |
| 36:57 | Create | Boyar ×4 |
| 37:24 | Create | Villager (Male) ×4 |
| 38:08 | Build | Mill |
| 38:11 | Build | Farm |
| 38:12 | Build | Farm |
| 38:34 | Build | Farm |
| 38:35 | Build | Farm |
| 38:47 | Build | Lumber Camp |
| 39:14 | Build | Farm |
| 39:44 | Build | Farm |
| 39:46 | Build | Farm |
Build order — CTibas
First 150 of 216 actions detected
| 0:02 | Build | House |
| 0:04 | Build | House |
| 0:07 | Create | Villager (Male) |
| 0:07 | Create | Villager (Male) |
| 0:08 | Create | Villager (Male) |
| 0:08 | Create | Villager (Male) |
| 1:17 | Create | Villager (Male) |
| 1:17 | Create | Villager (Male) |
| 1:42 | Create | Villager (Male) |
| 1:43 | Create | Villager (Male) |
| 2:45 | Create | Villager (Male) |
| 2:55 | Create | Villager (Male) |
| 2:56 | Create | Villager (Male) |
| 2:56 | Create | Villager (Male) |
| 3:19 | Create | Villager (Male) |
| 3:19 | Create | Villager (Male) |
| 3:25 | Build | House |
| 3:28 | Build | House |
| 3:37 | Build | Settlement |
| 3:40 | Create | Villager (Male) |
| 3:41 | Create | Villager (Male) |
| 4:22 | Create | Villager (Male) |
| 4:43 | Research | Loom |
| 5:13 | Create | Villager (Male) |
| 5:14 | Create | Villager (Male) |
| 5:31 | Create | Villager (Male) |
| 5:31 | Create | Villager (Male) |
| 7:06 | Create | Villager (Male) |
| 7:27 | Build | Palisade Wall |
| 7:31 | Build | Palisade Wall |
| 7:34 | Build | Palisade Wall |
| 7:36 | Build | Palisade Wall |
| 7:39 | Build | Palisade Wall |
| 7:55 | Create | Villager (Male) |
| 8:16 | Build | Settlement |
| 8:32 | Build | Barracks |
| 9:43 | Research | Feudal Age |
| 9:54 | Create | Unit 2550 |
| 9:54 | Create | Unit 2550 |
| 9:54 | Create | Unit 2550 |
| 9:54 | Create | Unit 2550 |
| 9:55 | Create | Unit 2550 |
| 10:19 | Build | Settlement |
| 10:27 | Build | Settlement |
| 10:50 | Build | Outpost |
| 11:50 | Build | Farm |
| 11:52 | Build | Farm |
| 11:53 | Age | Feudal Age |
| 12:06 | Build | Outpost |
| 12:18 | Build | Outpost |
| 12:37 | Build | Market |
| 12:40 | Create | Spearman |
| 12:42 | Create | Villager (Male) |
| 12:43 | Create | Villager (Male) |
| 13:02 | Create | Villager (Male) |
| 13:03 | Create | Villager (Male) |
| 13:07 | Build | Farm |
| 13:08 | Build | Farm |
| 13:08 | Build | Farm |
| 13:57 | Research | Tech 1402 |
| 14:05 | Build | Archery Range |
| 14:08 | Create | Villager (Male) |
| 14:08 | Create | Villager (Male) |
| 15:10 | Create | Archer |
| 15:10 | Create | Archer |
| 15:10 | Create | Archer |
| 15:51 | Create | Archer |
| 15:54 | Create | Villager (Male) |
| 15:55 | Create | Villager (Male) |
| 15:55 | Create | Villager (Male) |
| 15:57 | Build | Farm |
| 15:58 | Build | Farm |
| 16:40 | Build | Farm |
| 16:41 | Build | Farm |
| 17:00 | Build | House |
| 17:01 | Build | House |
| 17:21 | Create | Villager (Male) |
| 18:26 | Build | Blacksmith |
| 18:45 | Research | Castle Age |
| 19:30 | Create | Archer |
| 19:31 | Create | Archer |
| 19:31 | Create | Archer |
| 19:31 | Create | Archer |
| 19:33 | Create | Spearman |
| 19:33 | Create | Spearman |
| 19:51 | Research | Fletching |
| 19:52 | Create | Villager (Male) |
| 19:52 | Create | Villager (Male) |
| 19:56 | Build | Farm |
| 19:56 | Build | Farm |
| 20:13 | Build | Outpost |
| 20:25 | Build | Outpost |
| 21:25 | Age | Castle Age |
| 21:27 | Create | Villager (Male) |
| 22:26 | Create | Archer |
| 22:26 | Create | Archer |
| 22:26 | Create | Archer |
| 22:27 | Create | Archer |
| 22:30 | Build | House |
| 22:33 | Build | House |
| 22:44 | Create | Villager (Male) |
| 22:45 | Create | Villager (Male) |
| 22:45 | Create | Villager (Male) |
| 22:47 | Build | Farm |
| 22:47 | Build | Farm |
| 22:48 | Build | Farm |
| 22:48 | Build | Farm |
| 22:56 | Create | Villager (Male) |
| 23:14 | Build | Castle |
| 23:19 | Build | House |
| 23:22 | Build | House |
| 23:27 | Build | Palisade Wall |
| 23:34 | Build | Gate |
| 24:08 | Research | Forging |
| 24:19 | Build | Siege Workshop |
| 24:30 | Create | Unit 2579 |
| 24:30 | Create | Unit 2579 |
| 24:30 | Create | Unit 2579 |
| 24:41 | Create | Villager (Male) |
| 24:41 | Create | Villager (Male) |
| 24:41 | Create | Villager (Male) |
| 25:01 | Build | Settlement |
| 26:00 | Create | Battering Ram |
| 26:00 | Create | Battering Ram |
| 26:01 | Create | Battering Ram |
| 26:01 | Create | Battering Ram |
| 26:04 | Create | Unit 2579 |
| 26:19 | Create | Villager (Male) |
| 26:20 | Create | Villager (Male) |
| 26:20 | Create | Villager (Male) |
| 26:24 | Create | Villager (Male) |
| 26:27 | Create | Archer |
| 26:45 | Create | Villager (Male) |
| 26:53 | Create | Villager (Male) |
| 26:54 | Create | Villager (Male) |
| 27:03 | Create | Unit 2579 |
| 27:04 | Create | Unit 2579 |
| 27:09 | Create | Battering Ram |
| 27:10 | Create | Villager (Male) |
| 27:11 | Create | Villager (Male) |
| 27:20 | Create | Villager (Male) |
| 27:20 | Create | Villager (Male) |
| 27:25 | Research | Scale Mail Armor |
| 27:37 | Create | Unit 2579 |
| 27:37 | Create | Unit 2579 |
| 28:10 | Create | Battering Ram |
| 28:11 | Create | Battering Ram |
| 28:21 | Create | Unit 2579 |
| 28:21 | Create | Unit 2579 |
| 28:22 | Create | Unit 2579 |
Match timeline
| 7:27 | CTibas · wall_segment Palisade Wall x1 |
| 7:31 | CTibas · wall_segment Palisade Wall x1 |
| 7:34 | CTibas · wall_segment Palisade Wall x1 |
| 7:36 | CTibas · wall_segment Palisade Wall x1 |
| 7:39 | CTibas · wall_segment Palisade Wall x1 |
| 8:32 | CTibas · first_building Barracks |
| 11:49 | 00gieB0ogie · age_up feudal |
| 11:53 | CTibas · age_up feudal |
| 14:05 | CTibas · first_building Archery Range |
| 15:49 | 00gieB0ogie · first_building Barracks |
| 16:10 | CTibas · first_market_buy 100 food |
| 16:16 | CTibas · first_market_sell 100 wood |
| 21:25 | CTibas · age_up castle |
| 23:14 | CTibas · first_building Castle |
| 23:20 | 00gieB0ogie · age_up castle |
| 23:27 | CTibas · wall_segment Palisade Wall x4 |
| 24:19 | CTibas · first_building Siege Workshop |
| 25:00 | 00gieB0ogie · first_building Castle |
| 26:16 | 00gieB0ogie · first_building Siege Workshop |
| 36:51 | 00gieB0ogie · first_market_buy 100 food |
| 40:38 | 00gieB0ogie · resign |
[ AI ANALYSIS · 1 CREDIT ]
What really happened in this match?
Wolo.gg analyzes every decision: build order, eco, micro, common mistakes by bracket. Personalized analysis on WhatsApp or Discord in 30 seconds.
Civ guide
Slavs
Map guide
MegaRandom
Perfil
00gieB0ogie